 Dungeon Crawl Stone Soup version 0.30.1-4-g462c640d31 (webtiles) character file.

Game seed: 17010667871585163004

241242 Peloso the Fencer (level 19, -13/149 HPs)
             Began as a Minotaur Fighter on Aug 17, 2023.
             Was the Champion of Okawaru.
             Mangled by an acid blob (18 damage)
             ... on level 4 of the Pits of Slime.
             The game lasted 01:37:34 (33750 turns).

Peloso the Fencer (Minotaur Fighter)               Turns: 33750, Time: 01:37:37

Health: -13/149    AC: 32    Str: 29    XL:     19   Next: 6%
Magic:  0/17       EV: 11    Int:  8    God:    Okawaru [******]
Gold:   3277       SH: 25    Dex: 20    Spells: 18/18 levels left

rFire   + + .        a - +9 long sword of Chagrin {spect, rF+ Int+3 Dex+5}
rCold   + + .        d - +2 tower shield {rC+}
rNeg    + . .        M - +8 crystal plate armour of the Bull {rElec}
rPois   +            m - +2 hat {Will+}
rElec   +            J - +1 cloak {rCorr}
rCorr   +            G - +4 pair of gloves "Bijaas" {rF+ Str+5}
SInv    +            r - +1 pair of boots
Will    ++...        I - amulet of regeneration Stlth
                     P - ring "Acofes" {rC+ rN+ SInv}
HPRegen 1.24/turn    B - ring of poison resistance
MPRegen 0.15/turn

%: random rage (3%)
@: engulfed (cannot breathe), corroded, on berserk cooldown, slowed, studying
Short Blades, very slow
A: horns 2, retaliatory headbutt, berserk 1, deformed body, frail 2, low MP 1
}: 1/15 runes: serpentine
a: Renounce Religion, Heroism, Finesse, Duel


You were on level 4 of the Pits of Slime.
You worshipped Okawaru.
Okawaru was exalted by your worship.
You visited 7 branches of the dungeon, and saw 35 of its levels.
You also visited: Ossuary, Gauntlet and Ice Cave.

You collected 4080 gold pieces.
You spent 803 gold pieces at shops.

Inventory:

Hand Weapons
 a - the +9 long sword of Chagrin (weapon) {spect, rF+ Int+3 Dex+5}
   (You found it on level 7 of the Dungeon)

   Int:       It affects your intelligence (+3).
   Dex:       It affects your dexterity (+5).
   rF:        It protects you from fire.
 b - a +3 heavy double sword
 c - a +4 scimitar of flaming
Armour
 d - a +2 tower shield of cold resistance (worn)
 m - a +2 hat of willpower (worn)
 r - a +1 pair of boots (worn)
 y - a +1 hat of see invisible
 G - the +4 pair of gloves "Bijaas" (worn) {rF+ Str+5}
   (You found it on level 1 of the Orcish Mines)

   Str:       It affects your strength (+5).
   rF:        It protects you from fire.
 J - a +1 cloak of preservation (worn)
 M - the +8 crystal plate armour of the Bull (worn) {rElec}
   (Okawaru gifted it to you on level 4 of the Lair of Beasts)

   rElec:     It insulates you from electricity.
Jewellery
 f - the ring of the Hare {EV+10}
   (You took it off a deep elf death mage on level 3 of the Elven Halls)

   [ring of evasion]

   EV:        It affects your evasion (+10).
 q - a +6 ring of dexterity
 B - a ring of poison resistance (right hand)
 I - an amulet of regeneration (around neck)
 P - the ring "Acofes" (left hand) {rC+ rN+ SInv}
   (You took it off a centaur on level 14 of the Dungeon)

   [ring of positive energy]

   rC:        It protects you from cold.
   rN:        It protects you from negative energy.
   SInv:      It lets you see invisible.
Wands
 n - a wand of digging (1)
 o - a wand of mindburst (6)
Scrolls
 e - 6 scrolls of fear
 h - 4 scrolls of magic mapping
 l - 20 scrolls of teleportation
 p - a scroll of enchant weapon
 x - a scroll of poison
 D - 12 scrolls of identify
 R - a scroll of immolation
 S - 2 scrolls of blinking
Potions
 g - 6 potions of lignification
 i - 10 potions of might
 j - 14 potions of curing
 k - 5 potions of haste
 s - a potion of mutation
 u - 3 potions of resistance
 v - 3 potions of invisibility
 w - 5 potions of flight
 z - 2 potions of heal wounds
 H - 2 potions of berserk rage


   Skills:
 + Level 20.4 Fighting
 + Level 20.9 Long Blades
 + Level 18.8 Armour
 + Level 8.7 Dodging
 + Level 9.2 Stealth
 + Level 19.4 Shields
 + Level 2.0 Invocations
 + Level 0.9 Evocations


You had 18 spell levels left.
You didn't know any spells.
Your spell library contained the following spells:

 Spells                   Type           Power      Damage    Failure   Level
 Apportation              Tloc           0%         N/A       100%        1
 Necrotise                Necr           0%         1d4       100%        1
 Slow                     Hex            0%         N/A       100%        1
 Blink                    Tloc           0%         N/A       100%        2
 Ensorcelled Hibernation  Hex/Ice        0%         N/A       100%        2
 Confusing Touch          Hex            0%         N/A       100%        3
 Dazzling Flash           Conj/Hex       0%         N/A       100%        3
 Frozen Ramparts          Ice            0%         1d1       100%        3
 Gell's Gravitas          Tloc           0%         N/A       100%        3
 Hailstorm                Conj/Ice       0%         3d3       100%        3
 Ignite Poison            Fire/Tmut/Pois 0%         N/A       100%        3
 Inner Flame              Hex/Fire       0%         N/A       100%        3
 Mephitic Cloud           Conj/Pois/Air  0%         N/A       100%        3
 Portal Projectile        Hex/Tloc       0%         N/A       100%        3
 Spider Form              Tmut/Pois      0%         N/A       100%        3
 Teleport Other           Tloc           0%         N/A       100%        3
 Vampiric Draining        Necr           0%         2d6       100%        3
 Volatile Blastmotes      Fire/Tloc      0%         2d10      100%        3
 Anguish                  Hex/Necr       0%         N/A       100%        4
 Ice Form                 Ice/Tmut       0%         N/A       100%        4
 Iskenderun's Mystic Bla  Conj/Tloc      0%         2d3       100%        4
 Leda's Liquefaction      Hex/Erth       0%         N/A       100%        4
 Manifold Assault         Tloc           0%         N/A       100%        4
 Passage of Golubria      Tloc           0%         N/A       100%        4
 Sticky Flame             Conj/Fire      0%         2d3       100%        4
 Agony                    Necr           0%         N/A       100%        5
 Alistair's Intoxication  Tmut/Pois      0%         N/A       100%        5
 Blade Hands              Tmut           0%         N/A       100%        5
 Irradiate                Conj/Tmut      0%         3d11      100%        5
 Silence                  Hex/Air        0%         N/A       100%        5
 Yara's Violent Unravell  Hex/Tmut       0%         3d3       100%        5
 Dispersal                Tloc           0%         N/A       100%        6
 Eringya's Noxious Bog    Tmut/Pois      0%         N/A       100%        6
 Starburst                Conj/Fire      0%         6d3       100%        6
 Dragon Form              Tmut           0%         N/A       100%        7
 Enfeeble                 Hex            0%         N/A       100%        7
 Storm Form               Tmut/Air       0%         N/A       100%        7
 Ignition                 Fire           0%         3d3       100%        8
 Maxwell's Capacitive Co  Air            0%         ∞         100%        8
 Summon Small Mammal      Summ           Unusable   N/A       N/A         1
 Call Canine Familiar     Summ           Unusable   N/A       N/A         3
 Summon Guardian Golem    Hex/Summ       Unusable   N/A       N/A         3
 Tukima's Dance           Hex            Unusable   N/A       N/A         3
 Summon Ice Beast         Ice/Summ       Unusable   N/A       N/A         4
 Summon Lightning Spire   Summ/Air       Unusable   N/A       N/A         4
 Summon Forest            Summ/Tloc      Unusable   N/A       N/A         5
 Simulacrum               Ice/Necr       Unusable   N/A       N/A         6
 Malign Gateway           Summ/Tloc      Unusable   N/A       N/A         7
 Summon Hydra             Summ           Unusable   N/A       N/A         7

Dungeon Overview and Level Annotations

Branches:
Dungeon (15/15)            Temple (1/1) D:5            Lair (5/5) D:10
 Shoals (0/4) Lair:2        Snake (4/4) Lair:3        Slime (5/5) Lair:5
    Orc (2/2) D:10            Elf (3/3) Orc:2        Vaults (0/5) D:14
 Depths (0/4) D:15        Ossuary (visited)           IceCv (visited)
Gauntlet (visited)

Altars:
Ashenzari
Cheibriados
Dithmenos
Elyvilon
Fedhas
Gozag
Hepliaklqana
Kikubaaqudgha
Makhleb
Nemelex Xobeh
Okawaru
Qazlal
Ru
Sif Muna
Trog
Uskayaw
Vehumet
Wu Jian
Xom
Yredelemnul
Zin
The Shining One
Jiyva
Lugonu

Shops:
D:5 =   D:10 ?   D:14 [   Orc:2 !:[(   Elf:1 !   Elf:2 (!   Snake:2 (
Snake:4 ?

Portals:
Trove: D:11 (give horn of Geryon)

Annotations:
Lair:1 1 runed translucent door, Zusoliwk's ghost, journeyman CeHu
Lair:2 Casa
Elf:2 3 runed translucent doors


Innate Abilities, Weirdness & Mutations

You have a pair of horns on your head.
You reflexively headbutt those who attack you in melee.
You sometimes lose your temper in combat.
Armour fits poorly on your strangely shaped body.
You are very frail. (-20% HP)
Your magical capacity is low. (-10% MP)


Message History

The quicksilver ooze closely misses you.
The quicksilver ooze hits you but does no damage.
You feel much better.
Your +9 long sword of Chagrin {spect, rF+ Int+3 Dex+5} disappears.
* * * LOW HITPOINT WARNING * * *
Your lungs strain for air!
The acid blob spits acid at you. The splash of acid misses you.
You block the rockslime's attack.
You block the quicksilver ooze's attack. x2
The rockslime hits you.
* * * LOW HITPOINT WARNING * * *
You stumble backwards!
You slash the acid blob!
Your hands burn!
* * * LOW HITPOINT WARNING * * *
You headbutt the acid blob, but do no damage.
The acid blob is moderately wounded.
Your +9 long sword of Chagrin {spect, rF+ Int+3 Dex+5} hits the acid blob!
Your +9 long sword of Chagrin {spect, rF+ Int+3 Dex+5} is burned by acid!
Your spectral weapon shares its damage with you!
* * * LOW HITPOINT WARNING * * *
x2 Your lungs strain for air!
You block the quicksilver ooze's attack. x2
The acid blob hits you but does no damage.
You block the rockslime's attack. The quicksilver ooze hits you.
You block the quicksilver ooze's attack.
The acid blob barely misses you.
You hit the acid blob.
Your hands burn!
* * * LOW HITPOINT WARNING * * *
The acid blob is heavily wounded.
Your +9 long sword of Chagrin {spect, rF+ Int+3 Dex+5} hits the acid blob.
Your +9 long sword of Chagrin {spect, rF+ Int+3 Dex+5} is burned by acid!
Your spectral weapon shares its damage with you!
* * * LOW HITPOINT WARNING * * *
x2 Your lungs strain for air!
You block the quicksilver ooze's attack.
The quicksilver ooze hits you.
* * * LOW HITPOINT WARNING * * *
You feel your power leaking away. You block the rockslime's attack.
The acid blob hits you!!
You die...

#................
##...#...........
.#................
...................
..................#
.............#.....
...........<.......
...................
..>.....J@>....#...
.>......JJ(........
...................
......G............
..#................
.............#....<
......#............
.............#.....
..........#...#.


You could see an acid blob, a rockslime, a shining eye, a quicksilver ooze and a
friendly +9 long sword of Chagrin {spect, rF+ Int+3 Dex+5}.

Vanquished Creatures
  Bai Suzhen (Snake:4)
  Rupert (Lair:5)
  2 deep elf blademasters (Elf:3)
  2 quicksilver dragons (Snake:4)
  An acid blob (Slime:2)
  2 deep elf master archers (Elf:3)
  Gastronok (Orc:1)
  4 nagarajas
  An azure jelly (Slime:1)
  5 deep elf sorcerers
  3 rockslimes
  Aizul (Snake:3)
  3 deep elf elementalists
  2 quicksilver oozes
  The ghost of Vakex the Black Belt, a journeyman DsBe of Trog (Orc:1)
  A stone giant (Orc:2)
  5 deep elf annihilators (Elf:3)
  5 deep elf demonologists
  Azrael (Snake:3)
  A minotaur (Gauntlet)
  Snorg (D:11)
  4 deep elf death magi (Elf:3)
  Josephine (Lair:5)
  A fire dragon (Lair:5)
  2 deep elf high priests (Elf:3)
  A great orb of eyes (D:15)
  3 hydras
  2 vault guards (D:14)
  7 salamander tyrants
  2 ironbound frosthearts (IceCv)
  A catoblepas (Lair:5)
  2 rakshasas (D:15)
  11 anacondas
  4 centaur warriors
  5 boulder beetles
  3 ogre magi
  A death knight (D:15)
  16 two-headed ogres
  4 death yaks
  21 dancing weapons
  3 deep troll earth magi (Elf:2)
  17 naga warriors
  7 deep elf knights
  5 shock serpents
  16 naga sharpshooters
  A shock serpent (shapeshifter) (D:15)
  Nergalle (D:11)
  3 salamander mystics
  4 skeletal warriors (D:12)
  6 deep trolls
  6 naga ritualists
  7 deep elf archers
  4 wizards
  A swamp dragon (Lair:5)
  22 deep elf zephyrmancers
  18 deep elf pyromancers
  2 orc sorcerers
  17 mana vipers
  3 shining eyes
  14 salamanders
  4 manticores
  Maurice (Orc:2)
  12 ugly things
  A moth of wrath (Gauntlet)
  6 cyclopes
  A merfolk siren (Lair:2)
  4 guardian serpents
  An ice statue (IceCv)
  46 black mambas
  2 gargoyles
  9 elephants
  6 cane toads
  A torpor snail (Lair:5)
  8 naga magi
  Psyche (D:11)
  2 unseen horrors (D:12)
  A freezing wraith (D:14)
  3 kobold demonologists
  8 rime drakes
  7 komodo dragons
  An efreet (D:15)
  A yaktaur (shapeshifter) (D:14)
  A yaktaur (D:15)
  A queen bee (Gauntlet)
  11 trolls
  20 polar bears
  6 meliai (D:13)
  11 blink frogs
  2 hornets (D:9)
  4 raiju
  13 dream sheep
  5 air elementals
  32 slime creatures
  A spriggan (Lair:1)
  2 shadows
  A vampire (D:12)
  A water elemental (Elf:3)
  A centaur simulacrum (D:14)
  12 wraiths
  20 humans (D:14)
  57 yaks
  3 fire elementals
  3 wyverns
  2 redbacks (Gauntlet)
  2 steam dragons
  A redback (shapeshifter) (Elf:1)
  6 basilisks
  Edmund (D:6)
  10 vampire mosquitoes
  26 nagas
  8 wargs
  5 acid dragons
  17 hell hounds
  14 water moccasins
  A swamp drake (Lair:5)
  A hornet zombie (Ossuary)
  4 ice beasts
  15 orc warriors
  A sky beast (D:7)
  13 black bears
  44 wolves
  24 ogres
  19 centaurs
  A phantom (D:5)
  6 kobold brigands
  An earth elemental (Elf:3)
  13 bullfrogs
  A water moccasin zombie (Ossuary)
  2 scorpions
  9 wights
  8 killer bees
  3 electric eels
  4 howler monkeys
  3 centaur zombies (Ossuary)
  5 bullfrog zombies (Ossuary)
  4 jellies
  4 gnoll boudas
  2 hounds
  19 orc priests
  8 iguanas
  2 sleepcaps
  23 orc wizards
  2 killer bee zombies (Ossuary)
  17 mummies (Ossuary)
  5 howler monkey zombies (Ossuary)
  16 gnolls
  4 adders
  2 shadow imps (D:8)
  2 ufetubi
  A worm zombie (D:7)
  2 worms (D:3)
  3 dart slugs
  75 orcs
  A ball python (D:2)
  4 bats (D:3)
  10 endoplasms
  3 giant cockroaches
  9 goblins
  15 hobgoblins
  12 jackals
  44 kobolds
  A quokka (D:4)
  3 training dummies (Snake:2)
  A frilled lizard (D:1)
  A gnoll zombie (D:7)
  A hobgoblin zombie (D:7)
  5 rats
1196 creatures vanquished.

Vanquished Creatures (others)
  A salamander tyrant (Snake:4)
  A naga warrior (Snake:1)
  A deep elf knight (Elf:2)
  A black mamba (Snake:3)
  40 spectral weapons
44 creatures vanquished.

Grand Total: 1240 creatures vanquished

Notes
Turn   | Place    | Note
-------+----------+-------------------------------------------
     0 | D:1      | Peloso the Minotaur Fighter began the quest for the Orb.
     0 | D:1      | Reached XP level 1. HP: 19/19 MP: 0/0
     6 | D:1      | Noticed a snapping turtle
     6 | D:1      | Noticed a wyvern
     6 | D:1      | Noticed a polar bear
     7 | D:1      | Noticed a water moccasin
   147 | D:1      | Reached XP level 2. HP: 27/27 MP: 1/1
  1377 | D:2      | Reached XP level 3. HP: 32/33 MP: 2/2
  1834 | D:2      | Identified the +4 ring mail of Eppug {Slay+2 Stlth+}
  1971 | D:3      | Found a hide-covered altar of Uskayaw.
  1971 | D:3      | Noticed a +0 hand axe
  1972 | D:3      | Noticed a +0 dagger
  2538 | D:3      | Reached XP level 4. HP: 38/40 MP: 3/3
  2544 | D:3      | Reached skill level 1 in Dodging
  2734 | D:3      | Found an opulent altar of Gozag.
  2903 | D:4      | Reached XP level 5. HP: 38/47 MP: 4/4
  3028 | D:4      | Found an ornate altar of the Wu Jian Council.
  3391 | D:5      | Entered Level 5 of the Dungeon
  3560 | D:5      | Reached skill level 5 in Long Blades
  3698 | D:5      | Reached skill level 5 in Armour
  3698 | D:5      | Reached XP level 6. HP: 51/53 MP: 5/5
  3750 | D:5      | Found a staircase to the Ecumenical Temple.
  3770 | Temple   | Entered the Ecumenical Temple
  3782 | Temple   | Became a worshipper of Warmaster Okawaru
  3864 | D:5      | Found Sanefunk's Jewellery Boutique.
  4007 | D:5      | Reached skill level 5 in Fighting
  4007 | D:5      | Reached XP level 7. HP: 54/61 MP: 6/6
  4022 | D:5      | Reached skill level 1 in Stealth
  4235 | D:5      | Found a shimmering blue altar of Sif Muna.
  4801 | D:6      | Found a faded altar of an unknown god.
  4801 | D:6      | Found a hazy altar of Hepliaklqana.
  4873 | D:6      | Found a bloodstained altar of Trog.
  4882 | D:6      | Reached skill level 5 in Shields
  4891 | D:6      | Reached * piety under Okawaru
  5046 | D:6      | Reached XP level 8. HP: 69/69 MP: 7/7
  5303 | D:6      | Noticed Edmund
  5320 | D:6      | Killed Edmund
  5541 | D:6      | HP: 3/70 [orc priest/divine providence (9)]
  5825 | D:6      | Reached ** piety under Okawaru
  5873 | D:6      | Found a shimmering altar of Xom.
  5873 | D:6      | Found a shimmering altar of Xom.
  6262 | D:7      | Reached XP level 9. HP: 54/78 MP: 8/8
  6284 | D:7      | Found a broken altar of Ashenzari.
  6332 | D:7      | Identified the +9 long sword of Chagrin {spect, rF+ Int+3
                  | Dex+5}
  6445 | D:7      | Found a sand-covered staircase.
  6460 | Ossuary  | Entered an ossuary
  6482 | Ossuary  | Reached *** piety under Okawaru
  6508 | Ossuary  | Reached skill level 10 in Long Blades
  6578 | Ossuary  | Reached skill level 5 in Dodging
  6802 | Ossuary  | Identified a scroll of acquirement
  6802 | Ossuary  | Acquired a +3 heavy double sword
  6892 | D:7      | Found a blossoming altar of Fedhas.
  7332 | D:8      | Reached **** piety under Okawaru
  7339 | D:8      | Reached XP level 10. HP: 68/88 MP: 9/9
  8042 | D:8      | Noticed a two-headed ogre
  8049 | D:8      | Killed a two-headed ogre
  8209 | D:8      | Reached ***** piety under Okawaru
  8400 | D:9      | Found a sparkling altar of Nemelex Xobeh.
  8530 | D:9      | Found a sacrificial altar of Ru.
  8586 | D:9      | Noticed a two-headed ogre
  8593 | D:9      | Killed a two-headed ogre
  8692 | D:9      | Noticed a two-headed ogre
  8701 | D:9      | Killed a two-headed ogre
  8786 | D:9      | Noticed a two-headed ogre
  8790 | D:9      | Killed a two-headed ogre
  8791 | D:9      | Reached XP level 11. HP: 86/97 MP: 10/10
  8813 | D:9      | Received a gift from Okawaru
  8813 | D:9      | Found the +9 sword of Zonguldrok {reap}
  9210 | D:9      | Found a glowing silver altar of Zin.
  9326 | D:9      | Found a radiant altar of Vehumet.
  9493 | D:10     | Entered Level 10 of the Dungeon
  9585 | D:10     | Identified the ring of the Unstoppable Mice {Ice Int+3
                  | Dex+3}
  9730 | D:10     | Found a staircase to the Orcish Mines.
  9817 | D:10     | Noticed a two-headed ogre
  9827 | D:10     | Reached skill level 5 in Stealth
  9831 | D:10     | Killed a two-headed ogre
  9844 | D:10     | Found a snail-covered altar of Cheibriados.
  9859 | D:10     | Found a staircase to the Lair.
  9997 | D:10     | Found Liufuwk's Magic Scroll Boutique.
 10008 | D:10     | Bought a scroll of magic mapping for 105 gold pieces
 10523 | D:11     | Noticed Psyche
 10528 | D:11     | Killed Psyche
 10665 | D:11     | Reached ****** piety under Okawaru
 10744 | D:11     | Reached skill level 10 in Fighting
 10820 | D:11     | Found a shadowy altar of Dithmenos.
 10856 | D:11     | You fall into a shaft and drop 2 floors!
 10931 | D:13     | Found a frozen archway.
 10937 | D:13     | Received a gift from Okawaru
 11016 | IceCv    | Entered an ice cave
 11092 | IceCv    | Reached XP level 12. HP: 79/107 MP: 11/11
 11508 | IceCv    | Reached skill level 15 in Long Blades
 11539 | IceCv    | Noticed a death yak
 11539 | IceCv    | Noticed an ironbound frostheart
 11580 | IceCv    | Killed an ironbound frostheart
 11581 | IceCv    | Noticed an ironbound frostheart
 11582 | IceCv    | Noticed a death yak
 11595 | IceCv    | Killed an ironbound frostheart
 11603 | IceCv    | Killed a death yak
 11603 | IceCv    | Received a gift from Okawaru
 11604 | IceCv    | Reached skill level 10 in Shields
 11619 | IceCv    | Killed a death yak
 12264 | D:11     | Noticed Nergalle
 12270 | D:11     | Killed Nergalle
 12280 | D:11     | Found a portal to a secret trove of treasure.
 12312 | D:11     | Identified the +8 great sword of the Chewing Penguin
                  | {flame, Str+2} (Okawaru gifted it to you on level 11 of the
                  | Dungeon)
 12312 | D:11     | Received a gift from Okawaru
 12317 | D:11     | Noticed Snorg
 12330 | D:11     | Killed Snorg
 12331 | D:11     | Reached XP level 13. HP: 84/117 MP: 12/12
 12567 | Lair:1   | Entered Level 1 of the Lair of Beasts
 12588 | Lair:1   | Reached skill level 10 in Armour
 12808 | Lair:1   | Found a runed translucent door.
 12808 | Lair:1   | Found a shimmering altar of Xom.
 12808 | Lair:1   | Noticed Zusoliwk's ghost (journeyman CeHu)
 14034 | Lair:2   | Received a gift from Okawaru
 14193 | Lair:2   | Found a staircase to the Shoals.
 14685 | Lair:3   | Found a staircase to the Snake Pit.
 15155 | Lair:4   | Identified the staff of conjuration "Dunedoas" {Will+ MP+9}
 15209 | Lair:4   | Identified the +8 crystal plate armour of the Bull {rElec}
                  | (Okawaru gifted it to you on level 4 of the Lair of Beasts)
 15209 | Lair:4   | Received a gift from Okawaru
 15303 | Lair:4   | Found a gate leading to a gauntlet.
 15310 | Gauntlet | Entered a Gauntlet
 15310 | Gauntlet | Found a transporter.
 15310 | Gauntlet | Found a transporter.
 15312 | Gauntlet | Found a transporter.
 15315 | Gauntlet | Found a transporter.
 15315 | Gauntlet | Found a transporter.
 15372 | Gauntlet | Found a transporter.
 15372 | Gauntlet | Found a transporter.
 15374 | Gauntlet | Found a transporter.
 15387 | Gauntlet | Found a transporter.
 15400 | Gauntlet | Found a runed translucent door.
 15404 | Gauntlet | Found a transporter.
 15408 | Gauntlet | Noticed a dire elephant
 15426 | Gauntlet | Found a runed translucent gate.
 15427 | Gauntlet | Found a transporter.
 15427 | Gauntlet | Found a runed translucent gate.
 15428 | Gauntlet | Found a runed translucent gate.
 15431 | Gauntlet | Found a transporter.
 15478 | Gauntlet | Found a transporter.
 15505 | Gauntlet | Found a transporter.
 15678 | Gauntlet | Identified the ring "Xubioc" {Fire Stlth+}
 15697 | Gauntlet | Noticed a minotaur
 15701 | Gauntlet | Killed a minotaur
 15706 | Gauntlet | Identified the staff of death "Teroteang" {rN+ Will+ SInv}
 15706 | Gauntlet | Identified the +4 chain mail "Paif" {Contam Str+8 Int+4
                  | Dex-2}
 15706 | Gauntlet | Identified the amulet of Lyngu {Faith Harm rF++}
 15707 | Gauntlet | Got Wanupn's Discursus on Disjunct Gusts
 15956 | Lair:4   | Reached XP level 14. HP: 114/130 MP: 13/13
 17906 | Orc:1    | Entered Level 1 of the Orcish Mines
 17970 | Orc:1    | Noticed Gastronok
 17992 | Orc:1    | Killed Gastronok
 17993 | Orc:1    | Reached skill level 1 in Invocations
 18194 | Orc:1    | Found a runed translucent gate.
 18194 | Orc:1    | Found a runed translucent gate.
 18194 | Orc:1    | Found a runed translucent gate.
 18198 | Orc:1    | Noticed Vakex's ghost (journeyman DsBe)
 18545 | Orc:2    | Entered Level 2 of the Orcish Mines
 18680 | Orc:2    | Found Ikhinn's Weapon Emporium.
 18773 | Orc:2    | Identified the +0 robe "Kitiekh" {rCorr Dex-5 SInv}
                  | (Okawaru gifted it to you on level 2 of the Orcish Mines)
 18773 | Orc:2    | Received a gift from Okawaru
 18856 | Orc:2    | Reached skill level 15 in Fighting
 18906 | Orc:2    | Noticed a stone giant
 18926 | Orc:2    | Killed a stone giant
 18942 | Orc:2    | Found Modgh's Book Emporium.
 18943 | Orc:2    | Found Wunuwkih's Distillery.
 18953 | Orc:2    | Found a staircase to the Elven Halls.
 18966 | Orc:2    | Found Isutel's Antique Armour Shoppe.
 18973 | Orc:2    | Bought a potion of mutation for 96 gold pieces
 18973 | Orc:2    | Bought a potion of heal wounds for 60 gold pieces
 18973 | Orc:2    | Bought a potion of berserk rage for 60 gold pieces
 19299 | Orc:2    | Noticed Maurice
 19307 | Orc:2    | Killed Maurice
 19622 | Orc:1    | Killed Vakex's ghost
 19628 | Orc:1    | Identified the +4 pair of gloves "Bijaas" {rF+ Str+5}
 20906 | Lair:5   | Entered Level 5 of the Lair of Beasts
 20915 | Lair:5   | Received a gift from Okawaru
 20944 | Lair:5   | Reached XP level 15. HP: 131/143 MP: 14/14
 20987 | Lair:5   | Noticed Rupert
 20993 | Lair:5   | Paralysed by Rupert for 4 turns
 21004 | Lair:5   | Killed Rupert
 21102 | Lair:5   | Got Easy Spellwork
 21391 | Lair:5   | Noticed Josephine
 21400 | Lair:5   | Killed Josephine
 21501 | Lair:5   | Reached skill level 15 in Armour
 21780 | Lair:5   | Found a runed translucent door.
 21780 | Lair:5   | Found a viscous altar of Jiyva.
 21781 | Lair:5   | Found a staircase to the Slime Pits.
 21898 | Lair:5   | Identified the +0 falchion of the Lost Knives {heavy, MP+9
                  | Dex+8 Stlth-} (Okawaru gifted it to you on level 5 of the
                  | Lair of Beasts)
 21898 | Lair:5   | Received a gift from Okawaru
 22951 | D:14     | Found a gate to the Vaults.
 22965 | D:14     | Identified the scarf of the Armoured One {harm, Rampage
                  | rElec rN+ Str-4} (Okawaru gifted it to you on level 14 of
                  | the Dungeon)
 22965 | D:14     | Received a gift from Okawaru
 23142 | D:14     | Identified the ring "Acofes" {rC+ rN+ SInv}
 23147 | D:14     | Found a glowing golden altar of the Shining One.
 23259 | D:14     | Found Qexylut's Armour Emporium.
 23395 | D:15     | Entered Level 15 of the Dungeon
 23751 | D:15     | Reached XP level 16. HP: 120/157 MP: 16/16
 24231 | D:15     | Found a glowing golden altar of the Shining One.
 24231 | D:15     | Found a glowing silver altar of Zin.
 24232 | D:15     | Found a white marble altar of Elyvilon.
 24394 | D:15     | Found a staircase to the Depths.
 24691 | Snake:1  | Entered Level 1 of the Snake Pit
 24791 | Snake:1  | Received a gift from Okawaru
 25704 | Snake:2  | Found Lewnepew's Firing Range.
 25876 | Snake:2  | Received a gift from Okawaru
 26401 | Snake:3  | Received a gift from Okawaru
 26489 | Snake:3  | Reached XP level 17. HP: 156/166 MP: 17/17
 26533 | Snake:3  | Noticed Aizul
 26553 | Snake:3  | Killed Aizul
 26569 | Snake:3  | Noticed Azrael
 26592 | Snake:3  | HP: 6/166 [Azrael/+2 scimitar of flaming (14)]
 26594 | Snake:3  | Killed Azrael
 27478 | Elf:1    | Entered Level 1 of the Elven Halls
 27487 | Elf:1    | Reached skill level 15 in Shields
 27646 | Elf:1    | Received a gift from Okawaru
 27663 | Elf:1    | Paralysed by an air elemental for 1 turns
 28297 | Elf:1    | Found Xocziel's Distillery.
 28353 | Elf:2    | Found Fighuboi's Distillery.
 28376 | Elf:2    | Bought a potion of heal wounds for 70 gold pieces
 28376 | Elf:2    | Bought 2 potions of might for 112 gold pieces
 28453 | Elf:2    | Identified the +5 falchion "Hegounaw" {freeze, Int+4 Dex-5
                  | SInv} (Okawaru gifted it to you on level 2 of the Elven
                  | Halls)
 28453 | Elf:2    | Received a gift from Okawaru
 28874 | Elf:2    | Received a gift from Okawaru
 28900 | Elf:2    | Found a runed translucent gate.
 28901 | Elf:2    | Found a runed translucent gate.
 28901 | Elf:2    | Found a runed translucent gate.
 28943 | Elf:2    | Found Jitho's Weapon Shop.
 29153 | Elf:3    | Entered Level 3 of the Elven Halls
 29357 | Elf:3    | Paralysed by an air elemental for 1 turns
 29808 | Elf:3    | Reached XP level 18. HP: 163/176 MP: 18/18
 30011 | Elf:3    | Identified the +1 chain mail "Volame" {rElec rF- Int+2
                  | Dex+5}
 30011 | Elf:3    | Identified the ring of Ebuetaess {rCorr Dex+3}
 30023 | Elf:3    | Identified the +1 leather armour "Waucrar" {rF+}
 30146 | Elf:3    | Identified the +8 short sword "Niddih" {freeze, Int+3}
 30463 | Elf:3    | Identified the +7 falchion "Woclion" {drain, Dex+4}
 30643 | Elf:3    | Noticed a Hell Sentinel
 30790 | Elf:3    | Identified the staff of conjuration "Nilaffituo" {rElec
                  | Will+}
 30804 | Elf:3    | Identified the +0 ring mail "Gamegg" {rPois Dex+3}
 31606 | Elf:3    | Identified the staff of death "Zeovoaro" {rPois rN+ Will+
                  | Int+3}
 31983 | Snake:4  | Entered Level 4 of the Snake Pit
 32004 | Snake:4  | Identified the +5 chain mail "Fyrag" {Harm Dex+3} (Okawaru
                  | gifted it to you on level 4 of the Snake Pit)
 32004 | Snake:4  | Received a gift from Okawaru
 32009 | Snake:4  | Found Pyckep's Magic Scroll Emporium.
 32015 | Snake:4  | Bought a scroll of blinking for 150 gold pieces
 32015 | Snake:4  | Bought a scroll of enchant weapon for 150 gold pieces
 32189 | Snake:4  | Noticed Bai Suzhen
 32220 | Snake:4  | Killed Bai Suzhen
 32286 | Snake:4  | Identified the +4 flail "Vewy" {flame, rC+ Str+3 Stlth+}
 32681 | Snake:4  | Gained mutation: Armour fits poorly on your strangely
                  | shaped body. [mutagenic glow]
 32698 | Snake:4  | Gained mutation: You sometimes lose your temper in combat.
                  | [mutagenic glow]
 33092 | Snake:4  | Got a serpentine rune of Zot
 33335 | Slime:1  | Entered Level 1 of the Pits of Slime
 33346 | Slime:1  | Identified the +6 tower shield of Unkead {rCorr Str-3 Int+8
                  | Dex+3} (Okawaru gifted it to you on level 1 of the Pits of
                  | Slime)
 33346 | Slime:1  | Received a gift from Okawaru
 33374 | Slime:1  | Gained mutation: You are frail. (-10% HP) [a shining eye]
 33377 | Slime:1  | Gained mutation: You are vulnerable to cold. (rC-) [a
                  | shining eye]
 33577 | Slime:3  | Gained mutation: You are very frail. (-20% HP) [a shining
                  | eye]
 33579 | Slime:3  | Gained mutation: Your magical capacity is low. (-10% MP) [a
                  | shining eye]
 33582 | Slime:3  | Lost mutation: You are vulnerable to cold. (rC-) [a shining
                  | eye]
 33590 | Slime:3  | Reached XP level 19. HP: 149/149 MP: 17/17
 33706 | Slime:5  | Entered Level 5 of the Pits of Slime
 33750 | Slime:4  | HP: 5/149 [quicksilver ooze (5)]
 33750 | Slime:4  | Mangled by an acid blob

Illustrated notes

Levels and vault maps discovered:
D:1:      onia_arrival_zoo_common, layout_basic
D:2:      layout_loops_corners
D:3:      layout_loops_ring, nicolae_gozag_cash_rules_everything_around_me,
          dancing_weapons_uskayaw, minmay_misc_feat_columns,
          roderic_serpentine_path
D:4:      layout_cave_pools, nicolae_wu_jian_wuxing_cycle
D:5:      kennysheep_kobold_camp, layout_basic, nicolae_sif_muna_little_library,
          minmay_temple_entry_ruins, serial_shops, kennysheep_mini
D:6:      layout_loops_cross, xom_redecorated, trog_ov_bears_minmay,
          beargit_hepliaklqana_dungeon_heroes, sigmund_army, uniq_edmund
D:7:      layout_gridville, mainiacjoe_overflow_surrounded_room,
          evilmike_ruin_ashenzari, enter_ossuary_3, skrybe_limestone_x
D:8:      layout_basic
D:9:      minmay_slanted_spiral_squares, layout_basic, lemuel_tele_altar,
          nicolae_ru_the_path_less_chosen, mainiacjoe_overflow_alcove_4,
          mainiacjoe_overflow_paths
D:10:     layout_basic, cheibriados_altar_1, lair_entry_dummy, erik_orc_3,
          serial_shops, nicolae_shop_temple_entry_statues_fountains,
          corner_web_ring
D:11:     layout_rooms, nicolae_trove_entry_isolated,
          grunt_dithmenos_smoke_and_mirrors, uniq_snorg, uniq_psyche,
          uniq_nergalle
D:12:     layout_stronghold, minmay_microvault
D:13:     layout_roguey, portal_ice_cave_rime, grunt_decor_fettered
D:14:     layout_loops_ring, grunt_vaults_entry_tiered, serial_shops, shop,
          serial_park_tiny_2, tso_oasis_becter
D:15:     gammafunk_enter_depths_forms, layout_irregular_city,
          good_gods_temple_1
Temple:   corrupted_temple
Lair:1:   layout_regular_city, ebering_ghost_xom,
          grunt_forest_large_clearing_hut
Lair:2:   layout_gridlike, minmay_shoals_entry_lonely_mermaid
Lair:3:   layout_roguey, minmay_snake_entry_six_corridors,
          grunt_forest_large_clearings
Lair:4:   layout_roguey, gauntlet_entry_generic, grunt_megastairs_5,
          infiniplex_staircase_pool_2
Lair:5:   hangedman_lair_caniforms_friends, layout_cave_pods,
          guppyfry_lair_end_dragon, slime_entry_2, grunt_megastairs_3,
          infiniplex_staircase_pool, uniq_rupert, uniq_josephine
Snake:1:  layout_onion_interference, serial_bayou_shore_a
Snake:2:  layout_misc_corridors, grunt_ministairs_15, nicolae_shop_firing_range
Snake:3:  layout_honeycomb, nicolae_triple_integral, uniq_azrael, uniq_aizul
Snake:4:  hellmonk_snake_rune_quicksilver_temple, layout_onion, serial_shops,
          nicolae_shop_pleasant_corner_grove, grunt_ministairs_6,
          uniq_bai_suzhen
Slime:1:  layout_caves
Slime:2:  layout_caves
Slime:3:  layout_caves
Slime:4:  layout_caves
Slime:5
Orc:1:    layout_caves, ebering_ghost_rock_garden, uniq_gastronok
Orc:2:    st_orc_open, layout_caves, minmay_orc_temple_b, uniq_maurice
Elf:1:    minmay_elf_arrival_summoners, layout_loops_ring, serial_shops, shop,
          minmay_elf_demonology
Elf:2:    nicolae_elf_blades_crystal_corner, layout_onion_city, serial_shops,
          shop, shop, nicolae_elf_deep_friendship
Elf:3:    elf_hall_gauntlet_narrow, layout_loops_ring, nicolae_elf_w_pinch,
          item_on_display_a

Skill      XL: |  1  2  3  4  5  6  7  8  9 10 11 12 13 14 15 16 17 18 |
---------------+-------------------------------------------------------+-----
Fighting       | 4 5 6 7 9 10 11 13 15 17 18 19 20 | 20.4
Armour         | 4 5 6 7 8 9 12 14 16 18 | 18.8
Long Blades    | 3 4 5 6 7 9 11 13 14 15 16 17 18 19 20 | 20.9
Shields        | 4 5 6 7 8 10 11 14 17 19 | 19.4
Dodging        | 1 2 3 4 5 6 7 8 |  8.7
Stealth        | 1 2 4 5 6 7 8 9 |  9.2
Invocations    | 1 2 |  2.0
Evocations     | |  0.9

Action                     |  1- 3 |  4- 6 |  7- 9 | 10-12 | 13-15 | 16-18 | 19-21 || total
---------------------------+-------+-------+-------+-------+-------+-------+-------++-------
  Melee: Long sword        |    95 |    82 |   337 |   456 |   967 |  1202 |    46 ||  3185
         Headbutt          |    15 |    16 |    86 |   110 |   298 |   347 |    15 ||   887
         Double sword      |       |       |       |    15 |       |       |       ||    15
         Punch             |       |       |       |       |    25 |       |       ||    25
         Great sword       |       |       |       |       |     9 |     3 |       ||    12
 Invoke: Heroism           |       |       |       |     3 |    10 |     4 |       ||    17
  Evoke: Wand              |       |       |       |       |     5 |     6 |       ||    11
    Use: Scroll            |       |     9 |     8 |     1 |    15 |     1 |       ||    34
         Potion            |       |       |     2 |     2 |     3 |     6 |     1 ||    14
   Stab: Sleeping          |     1 |     2 |     2 |    15 |     2 |       |       ||    22
         Distracted        |       |       |     5 |     6 |    20 |    33 |     2 ||    66
         Petrified         |       |       |       |       |     1 |       |       ||     1
 Armour: Scale mail        |    13 |       |       |       |       |       |       ||    13
         Chain mail        |    13 |       |       |       |       |       |       ||    13
         Ring mail         |    23 |    39 |   100 |    73 |       |       |       ||   235
         Ice dragon scales |       |       |       |    54 |    69 |       |       ||   123
         Crystal plate arm |       |       |       |       |   866 |   548 |    30 ||  1444
  Dodge: Dodged            |    46 |    44 |   149 |   205 |   633 |   285 |    24 ||  1386
  Block: Buckler           |    25 |    15 |    74 |    74 |       |       |       ||   188
         Tower shield      |       |       |       |   163 |       |  1339 |    78 ||  1580
